 Dungeon Crawl Stone Soup version 0.23-a0-635-g88ca12a (webtiles) character file.

37 zishaf the Skirmisher (level 3, 0/30 HPs)
             Began as a Formicid Abyssal Knight on Dec 28, 2018.
             Was a Follower of Lugonu.
             Slain by a gnoll
             ... wielding a +0 spear
              (6 damage)
             ... on level 2 of the Dungeon.
             The game lasted 00:02:05 (1534 turns).

zishaf the Skirmisher (Formicid Abyssal Knight)     Turns: 1534, Time: 00:02:05

Health: 0/30       AC:  3    Str: 17    XL:     3   Next: 60%
Magic:  5/5        EV: 11    Int: 11    God:    Lugonu [*.....]
Gold:   38         SH:  0    Dex: 10    Spells: 2/2 levels left

rFire    . . .     SeeInvis +   a - +1 spear
rCold    . . .     Gourm    .   (no shield)
rNeg     . . .     Faith    .   k - +0 leather armour
rPois    .         Spirit   .   (helmet unavailable)
rElec    .         Reflect  .   (no cloak)
rCorr    .         Harm     .   (no gloves)
MR       .....                  (no boots)
Stlth    +.........             (no amulet)
HPRegen  0.10/turn              e - ring of flight
MPRegen  0.09/turn              (no ring)

@: no status effects
A: permanent stasis, dig shafts and tunnels, four strong arms, antennae 3
a: Dig, Shaft Self, Depart the Abyss, Renounce Religion, Evoke Flight


You were on level 2 of the Dungeon.
You worshipped Lugonu.
Lugonu was aware of your devotion.
You were not hungry.

You visited 1 branch of the dungeon, and saw 2 of its levels.
You visited the Abyss 1 time.

You collected 38 gold pieces.

Inventory:

Hand Weapons
 a - a +1 spear (weapon)
 b - a +0 hunting sling
Missiles
 o - 36 stones (quivered)
Armour
 k - a +0 leather armour (worn)
Jewellery
 e - a ring of flight (left hand)
 h - a +2 amulet of reflection {unknown}
Scrolls
 d - a scroll of random uselessness {unknown}
 f - 2 scrolls of identify {unknown}
 g - a scroll of enchant armour {unknown}
 j - a scroll of teleportation {unknown}
 m - a scroll of fog {unknown}
 q - a scroll of fear {unknown}
 t - a scroll of blinking {unknown}
Potions
 i - 3 potions of brilliance {unknown}
 l - a potion of resistance {unknown}
 n - a potion of cancellation {unknown}
 p - a potion of flight {unknown}
 r - a potion of agility {unknown}
Comestibles
 c - 6 rations


   Skills:
 + Level 3.8 Fighting
 - Level 2.0 Polearms
 + Level 3.0 Armour
 - Level 1.0 Dodging
 + Level 3.0 Invocations


You had 2 spell levels left.
You didn't know any spells.
Your spell library was empty.

Dungeon Overview and Level Annotations

Branches:
Dungeon (2/15)

Altars:


Innate Abilities, Weirdness & Mutations

You cannot be hasted, slowed, berserked, paralysed or teleported.
You can dig through walls and to a lower floor.
Your four strong arms can wield two-handed weapons with a shield.
You have a pair of large antennae on your head. (SInv)


Message History

You barely miss the gnoll. The gnoll hits you with a +0 spear.
You hit the gnoll but do no damage. The gnoll hits you with a +0 spear!
* * * LOW HITPOINT WARNING * * *
You puncture the gnoll!
The gnoll is heavily wounded.
The gnoll hits you but does no damage.
You hit the gnoll.
The gnoll is severely wounded.
The gnoll hits you with a +0 spear.
* * * LOW HITPOINT WARNING * * *
You hit the gnoll but do no damage.
The gnoll is severely wounded.
The gnoll hits you but does no damage.
You closely miss the gnoll.
The gnoll is severely wounded.
The gnoll barely misses you.
You closely miss the gnoll.
The gnoll is severely wounded.
The gnoll hits you with a +0 spear.
You die...

## ..# #.##########
#.#........#
###.....####.#
#.......# #.#
#.#.....####.##
#.....##...<#
#@....##.##.#
#.#g....##)##.#
#.#.....##.##.#
#.#.....##.##.#
#.#.....##.##.#
#......)##.##.#{
#.###..)....##.##.#
#..............#
#.###...#############


You could see a gnoll.

Vanquished Creatures
  An adder (D:2)
  2 leopard geckos
  4 bats
  A giant cockroach (D:1)
  6 hobgoblins (D:1)
  3 jackals (D:1)
  2 kobolds (D:1)
  2 rats (D:1)
21 creatures vanquished.

Notes
Turn   | Place    | Note
-------+----------+-------------------------------------------
     0 | Abyss:1  | zishaf the Formicid Abyssal Knight began the quest for the
                  | Orb.
     0 | Abyss:1  | Reached XP level 1. HP: 18/18 MP: 2/2
    52 | Abyss:1  | Noticed a small abomination
   165 | D:1      | Escaped the Abyss
   218 | D:1      | Reached skill level 1 in Dodging
   397 | D:1      | Reached XP level 2. HP: 23/24 MP: 3/3
   690 | D:1      | Reached XP level 3. HP: 12/29 MP: 3/5
   702 | D:1      | HP: 1/30 [hobgoblin (2)]
  1534 | D:2      | Slain by a gnoll

Vault maps used:
D:1:      erik_arrival_blinker_ship, minmay_misc_feat_pillars
D:2:      serial_forest, infiniplex_forest_clump_diagonal,
          infiniplex_forest_lined_room_2, infiniplex_forest_straight_2,
          infiniplex_forest_clump_double, infiniplex_forest_lined_1,
          first_ration, trog_book

Skill      XL: |  1  2  3 |
---------------+----------+-----
Dodging        | 1 |  1.0
Armour         | 3 |  3.0
Invocations    | 3 |  3.0
Fighting       | |  3.8
Polearms       | |  2.0

Action                   || total
-------------------------++-------
Melee: Spear             ||    82
 Fire: Hunting sling     ||    32
  Eat: Chunk             ||     2
Armor: Leather armour    ||    17
Dodge: Dodged            ||    57

Table legend:
 A = Non-vault XP
 B = Vault XP
 C = Vault XP percentage of total XP
 D = Non-vault monster count
 E = Vault monster count
 F = Vault count percentage of total count
                 A         B        C        D         E       F
            +---------+---------+-------+---------+---------+-------
      Total |      53 |       0 |   0.0 |      21 |       0 |   0.0
            +---------+---------+-------+---------+---------+-------
        D:1 |      35 |       0 |   0.0 |      18 |       0 |   0.0
        D:2 |      18 |       0 |   0.0 |       3 |       0 |   0.0
            +---------+---------+-------+---------+---------+-------
